 Dungeon Crawl Stone Soup version 0.31-a0-1238-g0d9d05a (webtiles) character file.

Game seed: 11732458806400975745

109051 Meow the Warrior (level 16, -12/165 HPs)
             Began as a Naga Conjurer on Dec 15, 2023.
             Was an Initiate of Gozag.
             Mangled by a sphinx simulacrum (18 damage)
             ... on level 15 of the Dungeon.
             The game lasted 01:42:17 (25990 turns).

Meow the Warrior (Naga Conjurer)                   Turns: 25990, Time: 01:42:18

Health: -12/165    AC: 18    Str:  9    XL:     16   Next: 51%
Magic:  31/39      EV: 11    Int: 26    God:    Gozag
Gold:   1605       SH:  0    Dex: 11    Spells: 4/35 levels left

rFire   + . .        a - +10 war axe "Misaodghimp" {spect, rPois rC+ rN+}
rCold   + . .        (no shield)
rNeg    + . .        F - +2 leather armour {rF+}
rPois   +            H - +2 hat {Will+}
rElec   .            n - +1 cloak of Starlight {*Dazzle EV+4 Stlth--}
rCorr   .            A - +1 pair of gloves
SInv    +            J - +0 barding
Will    +++..        q - amulet of magic regeneration Stlth
                     k - +4 ring of slaying
HPRegen 0.47/turn    g - ring of magical power
MPRegen 0.66/turn

%: no passive effects
@: gold aura, very slow
A: AC +5, large, see invisible, deformed body, poison resistance, slowness 2,
spit poison 1, naga tail 2
a: Spit Poison, Renounce Religion, Potion Petition, Call Merchant, Bribe Branch


You were on level 15 of the Dungeon.
You worshipped Gozag.
Gozag was most pleased with you.
You visited 4 branches of the dungeon, and saw 23 of its levels.
You also visited: Sewer and Volcano.

You collected 8083 gold pieces.
You spent 640 gold pieces at shops.
You paid 5838 gold pieces to Gozag.

Inventory:

Hand Weapons
 a - the +10 war axe "Misaodghimp" (weapon) {spect, rPois rC+ rN+}
   (You acquired it in a volcano)

   rC+:       It protects you from cold.
   rPois:     It protects you from poison rN+: It protects you from negative
   energy.
 i - a +1 arbalest of flaming
 L - a +0 hand cannon of flaming
 S - the +9 great mace of the Ecumenical Temple {spect, *Corrode rPois rF+++ MP+9}
   (You found it on level 3 of the Lair of Beasts)

   rF+++:     It renders you almost immune to fire.
   rPois:     It protects you from poison MP+9: It affects your magic capacity
   (+9).
   *Corrode:  It may corrode you when you take damage.
Missiles
 X - 6 curare-tipped darts
Armour
 n - the +1 cloak of Starlight (worn) {*Dazzle EV+4 Stlth--}
   (You found it on level 13 of the Dungeon)

   *Dazzle:   It may blind those who miss an attack against the wearer in melee
   combat.
   EV+4:      It affects your evasion (+4).
   Stlth--:   It makes you much less stealthy.
 A - a +1 pair of gloves (worn)
 F - a +2 leather armour of fire resistance (worn)
 H - a +2 hat of willpower (worn)
 J - a +0 barding (worn)
Magical Staves
 s - a staff of conjuration
Jewellery
 d - an amulet of reflection
 g - a ring of magical power (right hand)
 k - a +4 ring of slaying (left hand)
 q - an amulet of magic regeneration (around neck)
 w - a ring of fire
 Q - a ring of resist corrosion
 U - an amulet of regeneration
 Y - a ring of ice
 Z - a ring of protection from cold
Wands
 G - a wand of charming (7)
 M - a wand of digging (9)
 N - a wand of flame (29)
 O - a wand of roots (10)
 P - a wand of mindburst (3)
Scrolls
 c - 2 scrolls of revelation
 e - 8 scrolls of immolation
 j - 4 scrolls of amnesia
 l - 2 scrolls of poison
 o - a scroll of enchant armour {unknown}
 t - 5 scrolls of fog
 u - 5 scrolls of blinking
 x - a scroll of teleportation
 y - a scroll of vulnerability
 C - a scroll of summoning
 D - 2 scrolls of fear
 I - a scroll of identify
Potions
 b - 4 potions of might
 f - 3 potions of cancellation
 h - a potion of ambrosia
 m - 5 potions of curing
 p - 2 potions of brilliance
 r - 4 potions of magic
 v - 7 potions of lignification
 z - 2 potions of enlightenment
 B - 4 potions of heal wounds
 E - 5 potions of haste
 K - 2 potions of experience
 R - 2 potions of attraction
 T - 2 potions of degeneration
 V - a potion of berserk rage
Miscellaneous
 W - a phantom mirror


   Skills:
 - Level 16.0 Fighting
 + Level 8.1 Axes
 - Level 1.5 Dodging
 - Level 3.0 Stealth
 - Level 10.0 Spellcasting
 - Level 12.0 Conjurations
 + Level 13.5 Translocations
 - Level 12.0 Ice Magic


You had 4 spell levels left.
You knew the following spells:

 Your Spells              Type           Power      Damage    Failure   Level
a - Magic Dart            Conj           100%       1d8       1%          1
b - Searing Ray           Conj           100%       2d8       1%          2
f - Freezing Cloud        Conj/Ice/Air   26%        6-21      7%          5
g - Hailstorm             Conj/Ice       66%        3d12      1%          3
r - Frozen Ramparts       Ice            100%       1d16      1%          3
B - Iskenderun's Mystic   Conj/Tloc      68%        2d14      1%          4
C - Summon Ice Beast      Ice/Summ       44%        N/A       5%          4
F - Fulminant Prism       Conj/Hex       22%        3d12      5%          4
G - Arcjolt               Conj/Air       22%        1d32      16%         5

Your spell library contained the following spells:

 Spells                   Type           Power      Damage    Failure   Level
 Freeze                   Ice            100%       1d10      1%          1
 Blink                    Tloc           100%       N/A       1%          2
 Static Discharge         Conj/Air       88%        3-7/arc   1%          2
 Dazzling Flash           Conj/Hex       88%        N/A       1%          3
 Vhi's Electric Charge    Tloc/Air       96%        N/A       4%          4
 Sting                    Tmut/Pois      52%        1d5       6%          1
 Cigotuvi's Dreadful Rot  Necr/Pois/Air  26%        N/A       10%         2
 Ignite Poison            Fire/Tmut/Pois 13%        N/A       19%         3
 Airstrike                Air            6%         2d(1-17)  54%         4
 Summon Lightning Spire   Summ/Air       13%        N/A       54%         4
 Plasma Beam              Fire/Air       6%         2x1d17    100%        6
 Simulacrum               Ice/Necr       Unusable   N/A       N/A         6

Dungeon Overview and Level Annotations

Branches:
Dungeon (15/15)            Temple (1/1) D:7            Lair (5/5) D:8
  Swamp (0/4) Lair:2       Spider (0/4) Lair:3        Slime (0/5) Lair:5
    Orc (2/2) D:12            Elf (0/3) Orc:2        Vaults (0/5) D:13
 Depths (0/4) D:15          Sewer (visited)         Volcano (visited)

Altars:
Ashenzari
Cheibriados
Dithmenos
Elyvilon
Fedhas
Gozag
Hepliaklqana
Kikubaaqudgha
Makhleb
Nemelex Xobeh
Okawaru
Qazlal
Ru
Sif Muna
Trog
Uskayaw
Vehumet
Wu Jian
Xom
Yredelemnul
Zin
The Shining One
Jiyva
Lugonu

Shops:
D:5 [   Orc:2 *(*(   Lair:1 [:[[[=

Portals:
Abyss: Lair:5

Annotations:
D:12 1 runed translucent door, RazingBull's ghost, journeyman MiFi
D:15 Joahel's ghost, adept MiAK
Lair:1 1 runed translucent door, IAmTheZeppo's ghost, journeyman DrCj
Lair:3 exclusion: oklob plant
Lair:4 1 runed translucent door


Innate Abilities, Weirdness & Mutations

Your serpentine skin is tough. (AC +5)
You have supernaturally acute eyesight. (SInv)
Armour fits poorly on your strangely shaped body.
Your system is resistant to poisons. (rPois)
You cover ground very slowly.
You can spit poison.
You can use your snake-like lower body to constrict enemies.


Message History

The spark wasp simulacrum is struck by an electric surge!!
The spark wasp simulacrum vaporises!
The spectral stone giant is struck by an electric surge.
The spectral stone giant is moderately damaged.
The stone giant simulacrum is struck by an electric surge.
The stone giant simulacrum is lightly damaged.
The fire giant simulacrum is struck by an electric surge.
The fire giant simulacrum is moderately damaged.
The stone giant simulacrum is struck by an electric surge!!
The stone giant simulacrum is heavily damaged.
Joahel's ghost hits you. Space warps around you.
Unknown command.
Unknown command.
Cleave: a) +10 war axe "Misaodghimp" {spect, rPois rC+ rN+}
Press: ? - help, Dir - move target, f - Joahel's ghost
Aim: Joahel's ghost, wielding a weapon of distortion (lightly damaged, about 28% to evade the +10 war axe "Misaodghimp")
Okay, then.
Aiming: Phantom Mirror
Press: ? - help, Dir - move target, f - Joahel's ghost
Aim: Joahel's ghost, wielding a weapon of distortion (lightly damaged)
Okay, then.
Unknown command.
Joahel's ghost attacks as it pursues you!
Joahel's ghost hits you!!
You blink.
The fire giant simulacrum attacks as it pursues you!
The fire giant simulacrum hits you. The fire giant simulacrum freezes you!!
You resist.
* * * LOW HITPOINT WARNING * * *
The spectral stone giant is engulfed in freezing vapours.
The stone giant simulacrum hits you!
* * * LOW HITPOINT WARNING * * *
The stone giant simulacrum freezes you!!
You resist.
* * * LOW HITPOINT WARNING * * *
The sphinx simulacrum hits you but does no damage.
The sphinx simulacrum hits you.
* * * LOW HITPOINT WARNING * * *
The sphinx simulacrum freezes you!! You resist.
You die...
Your body crumbles into a pile of gold.

....########.....#######.)#.....#
.................#.#.#.#..#.....#
.......).........#.....#..#.....#
.....)...........'...)##..####'##
....)............'...".#.........
....)(..#.#......'...?##.........
........#....Z..Z#....:#.........
....#.....#..ZZZ##Z#.#.#.........
....#.####.###ZZ@#######.........
......#⌠..#..○.Z.....########'#..
#####'#...§W#Z.......#........#..
#..)..#...#.#........#........#..
#..#.#'#.#..#........'........#..
#.#...#....)#........##########..
#.....#'#####....................
..#..>#..............).........##
##.####.#......................#.


You could see a spectral ettin, a spectral stone giant, Joahel's ghost, a sphinx
simulacrum, 2 stone giant simulacra, a fire giant simulacrum, a stone giant
zombie, a fire giant zombie and a glowing shapeshifter zombie.

Vanquished Creatures
  Saint Roka (Orc:2)
  An ettin (D:15)
  Josephine (D:11)
  Fannar (D:12)
  7 hydras
  2 vault guards (D:13)
  4 ogre magi (Orc:2)
  7 centaur warriors
  9 two-headed ogres
  3 boulder beetles
  A death yak (Lair:4)
  2 tengu warriors (D:15)
  An orc high priest (Orc:1)
  2 thrashing horrors (Lair:5)
  2 hell knights
  3 skysharks
  2 wretched stars (D:13)
  Amaemon (D:8)
  A salamander mystic (Volcano)
  3 cherubim (D:13)
  2 bog bodies (Lair:2)
  6 orc knights (Orc:2)
  6 arcanists
  3 necromancers
  6 lindwurms
  2 deep elf pyromancers
  16 ugly things
  2 large abominations (Lair:5)
  A salamander (shapeshifter) (D:12)
  7 cyclopes
  A moth of wrath (shapeshifter) (D:14)
  2 kobold blastminers (Orc:2)
  4 salamanders (Volcano)
  An orange demon (D:8)
  6 black mambas
  A black mamba (shapeshifter) (Lair:5)
  An ice statue (Lair:3)
  2 gargoyles (D:12)
  A smoke demon (Lair:5)
  18 cane toads
  An unseen horror (D:10)
  2 kobold demonologists (D:11)
  12 komodo dragons
  An efreet (D:15)
  A spark wasp simulacrum (D:15)
  Maggie (D:6)
  3 rime drakes
  4 polar bears
  An ice devil (Lair:3)
  A tengu conjurer (D:14)
  3 meliai (D:15)
  3 trolls
  A hornet (D:8)
  A raiju (shapeshifter) (Lair:5)
  26 blink frogs
  4 dream sheep (Lair:3)
  2 jumping spiders (Lair:3)
  4 raiju (Lair:5)
  A spriggan (shapeshifter) (Lair:5)
  2 ynoxinuls (Lair:5)
  A culicivora (Lair:3)
  A shadow (D:11)
  6 wraiths
  A spriggan (Lair:5)
  6 wyverns
  17 humans (D:13)
  38 yaks
  9 basilisks
  Grum (D:9)
  3 steam dragons
  7 vampire mosquitoes
  8 wargs (Orc:2)
  3 acid dragons
  11 small abominations (Lair:5)
  19 water moccasins
  17 orc warriors
  9 ice beasts
  3 sky beasts
  2 black bears (D:6)
  14 wolves
  13 ogres
  6 centaurs
  2 phantoms
  A kobold brigand (D:9)
  13 bullfrogs
  2 brain worms (Sewer)
  2 scorpions
  5 wights (D:8)
  15 killer bees
  3 electric eels (Lair:2)
  5 howler monkeys (D:9)
  9 orc priests
  2 hounds (D:6)
  A jelly (D:6)
  5 iguanas
  17 orc wizards
  A hell rat (Lair:1)
  Robin (D:4)
  3 river rats (Sewer)
  13 adders
  3 gnolls (D:7)
  3 white imps (Lair:3)
  65 orcs
  5 endoplasms
  A giant cockroach (D:4)
  8 hobgoblins
  2 jackals (D:1)
  15 kobolds
  3 quokkas
  10 ball pythons
  2 bats (D:1)
  6 frilled lizards
  10 goblins
  8 rats
  A butterfly (Lair:1)
653 creatures vanquished.

Vanquished Creatures (collateral kills)
  Jorgrun (D:12)
  An ugly thing (D:10)
  A troll (Orc:2)
  An orc warrior (Orc:2)
  An ogre (Orc:2)
  A killer bee (D:8)
  An orc priest (Orc:2)
  6 orcs (Orc:2)
13 creatures vanquished.

Vanquished Creatures (others)
  2 fulminant prisms
  A spectral weapon (D:15)
3 creatures vanquished.

Grand Total: 669 creatures vanquished

Notes
Turn   | Place    | Note
-------+----------+-------------------------------------------
     0 | D:1      | Meow the Naga Conjurer began the quest for the Orb.
     0 | D:1      | Reached XP level 1. HP: 15/15 MP: 3/3
   105 | D:1      | Found a faded altar of an unknown god.
   117 | D:1      | Reached XP level 2. HP: 20/22 MP: 0/5
   120 | D:1      | Learned a level 2 spell: Searing Ray
   920 | D:2      | Found an opulent altar of Gozag.
   930 | D:2      | Became a worshipper of Gozag Ym Sagoz the Greedy
  1124 | D:2      | Reached XP level 3. HP: 28/28 MP: 2/6
  1297 | D:2      | Identified the +1 leather armour of the Invisible Hand
                  | {Harm}
  1735 | D:3      | Found an ornate altar of the Wu Jian Council.
  1735 | D:3      | Found a shimmering altar of Xom.
  1861 | D:3      | Reached XP level 4. HP: 24/36 MP: 1/8
  1947 | D:3      | Reached skill level 5 in Conjurations
  1986 | D:3      | Found a white marble altar of Elyvilon.
  1998 | D:3      | Reached XP level 5. HP: 42/42 MP: 7/10
  2429 | D:4      | Noticed a phantom
  2460 | D:4      | Identified the +0 cloak of Monotheism {Stlth+}
  2519 | D:4      | Noticed Robin
  2522 | D:4      | Killed Robin
  2675 | D:5      | Entered Level 5 of the Dungeon
  2734 | D:5      | Found a burning altar of Makhleb.
  2751 | D:5      | Found a glowing drain.
  2756 | Sewer    | Entered a sewer
  2915 | Sewer    | Reached XP level 6. HP: 49/49 MP: 12/12
  3551 | D:5      | Found Vubyrro's Armour Emporium.
  4277 | D:6      | Reached XP level 7. HP: 55/55 MP: 14/14
  4292 | D:6      | Reached skill level 5 in Spellcasting
  4316 | D:6      | Learned a level 3 spell: Frozen Ramparts
  4378 | D:6      | Noticed Maggie
  4387 | D:6      | Learned a level 5 spell: Freezing Cloud
  4399 | D:6      | Reached skill level 1 in Ice Magic
  4399 | D:6      | Reached XP level 8. HP: 62/62 MP: 10/16
  4407 | D:6      | Learned a level 4 spell: Iskenderun's Mystic Blast
  4412 | D:6      | Learned a level 4 spell: Fulminant Prism
  4434 | D:6      | Found an ancient bone altar of Kikubaaqudgha.
  4553 | D:7      | Noticed a two-headed ogre
  4829 | D:8      | Reached XP level 9. HP: 57/68 MP: 14/18
  4905 | D:8      | Reached skill level 5 in Ice Magic
  5149 | D:8      | Found a staircase to the Lair.
  5175 | D:8      | Noticed a hornet
  5179 | D:8      | Killed a hornet
  5217 | D:8      | Noticed an orange demon
  5223 | D:8      | Killed an orange demon
  5275 | D:8      | Noticed Amaemon
  5292 | D:8      | Killed Amaemon
  5412 | D:8      | Reached XP level 10. HP: 59/75 MP: 18/21
  5429 | D:8      | Found a sacrificial altar of Ru.
  5614 | D:7      | You fall into a shaft and drop 1 floor!
  5923 | D:7      | Found a staircase to the Ecumenical Temple.
  5932 | Temple   | Entered the Ecumenical Temple
  6179 | D:7      | Killed a two-headed ogre
  6180 | D:7      | Reached skill level 10 in Conjurations
  6184 | D:7      | Learned a level 3 spell: Hailstorm
  6212 | D:7      | Reached skill level 1 in Fighting
  6279 | D:7      | Reached skill level 2 in Fighting
  6329 | D:7      | Reached skill level 3 in Fighting
  6408 | D:7      | Noticed a deep elf pyromancer
  6413 | D:7      | Killed a deep elf pyromancer
  6414 | D:7      | Reached skill level 4 in Fighting
  6641 | D:6      | Killed Maggie
  6746 | D:6      | Reached skill level 5 in Fighting
  7003 | Lair:1   | Entered Level 1 of the Lair of Beasts
  7055 | Lair:1   | Reached skill level 6 in Fighting
  7057 | Lair:1   | Reached skill level 7 in Fighting
  7057 | Lair:1   | Reached XP level 11. HP: 91/100 MP: 3/23
  7238 | Lair:1   | Reached skill level 8 in Fighting
  7489 | Lair:1   | Found a runed translucent door.
  7489 | Lair:1   | Found a shimmering altar of Xom.
  7489 | Lair:1   | Noticed IAmTheZeppo's ghost (journeyman DrCj)
  7490 | Lair:1   | Noticed a +2 hand axe of chaos
  8438 | Lair:2   | Noticed a lindwurm
  8444 | Lair:2   | Killed a lindwurm
  8445 | Lair:2   | Reached skill level 9 in Fighting
  8660 | Lair:2   | Noticed a six-headed hydra
  8666 | Lair:2   | Killed a six-headed hydra
  8781 | Lair:2   | Noticed a bog body
  8785 | Lair:2   | Noticed a bog body
  8788 | Lair:2   | Killed a bog body
  8789 | Lair:2   | Reached XP level 12. HP: 115/115 MP: 15/25
  8840 | Lair:2   | Found a staircase to the Swamp.
  9264 | Lair:3   | Reached skill level 10 in Fighting
  9264 | Lair:3   | Noticed a skyshark
  9510 | Lair:3   | Killed a skyshark
  9945 | Lair:3   | Reached skill level 10 in Spellcasting
 10129 | Lair:3   | Found a hole to the Spider Nest.
 10274 | Lair:3   | Noticed a five-headed hydra
 10435 | Lair:3   | Killed a five-headed hydra
 10436 | Lair:3   | Reached skill level 11 in Fighting
 12750 | Lair:3   | Reached skill level 12 in Fighting
 13214 | Lair:4   | Gained mutation: You can use your snake-like lower body to
                  | constrict enemies. [Naga growth]
 13214 | Lair:4   | Reached XP level 13. HP: 106/130 MP: 21/27
 13299 | Lair:4   | Reached skill level 13 in Fighting
 13916 | Lair:4   | Found a runed translucent door.
 14146 | Lair:4   | Reached skill level 14 in Fighting
 14267 | Lair:4   | Found a runed translucent door.
 14722 | Lair:4   | Got the Volume of Feathery Hypothermia
 14731 | Lair:4   | Learned a level 5 spell: Arcjolt
 14972 | Lair:3   | Identified the +7 trident of Zonuluak {antimagic, rF+++
                  | Str-5 Int+4 Dex-5}
 14974 | Lair:3   | Identified the +9 great mace of the Ecumenical Temple
                  | {spect, *Corrode rPois rF+++ MP+9}
 15045 | Lair:5   | Entered Level 5 of the Lair of Beasts
 15448 | Lair:5   | Reached skill level 10 in Ice Magic
 15509 | Lair:5   | Identified the +2 orcbow of Rixen {drain, Dex+3}
 15665 | Lair:5   | Found a viscous altar of Jiyva.
 15667 | Lair:5   | Found a staircase to the Slime Pits.
 15914 | Lair:5   | Reached XP level 14. HP: 140/144 MP: 21/28
 16152 | Lair:5   | Reached skill level 1 in Translocations
 16466 | Lair:5   | Reached skill level 5 in Translocations
 16624 | Lair:5   | Found a corrupted altar of Lugonu.
 16624 | Lair:5   | Found a one-way gate to the infinite horrors of the Abyss.
 16649 | Lair:5   | Got the Book of the Gestalt and Points
 16859 | D:9      | Found a sparkling altar of Nemelex Xobeh.
 16865 | D:9      | Noticed Grum
 16935 | D:9      | Killed Grum
 16953 | D:9      | Reached skill level 15 in Fighting
 17057 | D:9      | Found a stormy altar of Qazlal.
 17334 | D:9      | Learned a level 4 spell: Summon Ice Beast
 17429 | D:10     | Entered Level 10 of the Dungeon
 17601 | D:10     | Found an opulent altar of Gozag.
 17715 | D:10     | Found a glowing silver altar of Zin.
 19261 | D:11     | Noticed Josephine
 19266 | D:11     | Killed Josephine
 19534 | D:12     | Reached XP level 15. HP: 151/156 MP: 29/29
 19580 | D:12     | Noticed Jorgrun
 19736 | D:12     | Killed Jorgrun
 19819 | D:12     | Noticed Fannar
 19899 | D:12     | Killed Fannar
 20054 | D:12     | Found a staircase to the Orcish Mines.
 20058 | D:12     | Reached skill level 16 in Fighting
 20396 | D:12     | Found a runed translucent door.
 20398 | D:12     | Noticed RazingBull's ghost (journeyman MiFi)
 20766 | Orc:1    | Entered Level 1 of the Orcish Mines
 20813 | Orc:2    | Entered Level 2 of the Orcish Mines
 20813 | Orc:2    | Noticed Saint Roka
 20844 | Orc:2    | Killed Saint Roka
 20886 | Orc:2    | Reached skill level 10 in Translocations
 20976 | Orc:2    | Found a staircase to the Elven Halls.
 21020 | Orc:1    | Found a dark tunnel.
 21028 | Volcano  | Entered a volcano
 21252 | Volcano  | Identified a scroll of acquirement
 21254 | Volcano  | Acquired the +10 war axe "Misaodghimp" {spect, rPois rC+
                  | rN+}
 21522 | Orc:1    | Reached skill level 1 in Axes
 21594 | Orc:1    | You fall into a shaft and drop 1 floor!
 21669 | Orc:2    | Found Nawn's General Store.
 22170 | Orc:2    | Found Zuqaerus's Assorted Antiques.
 22170 | Orc:2    | Found Ulozimod's Antique Weapon Boutique.
 22232 | Orc:2    | Found Caoruros's Weapon Boutique.
 22605 | Lair:1   | Bought a slimy troll leather armour for 640 gold pieces
 22605 | Lair:1   | Identified the +0 troll leather armour of Orthodoxy
                  | {Rampage Regen+} (You bought it in a shop on level 1 of the
                  | Lair of Beasts)
 23231 | D:13     | Reached skill level 5 in Axes
 23251 | D:13     | Found a gate to the Vaults.
 23265 | D:13     | Reached XP level 16. HP: 84/165 MP: 25/30
 23819 | D:13     | Found the +1 cloak of Starlight {*Dazzle EV+4 Stlth--}
 24468 | D:14     | Found a broken altar of Ashenzari.
 24865 | D:15     | Entered Level 15 of the Dungeon
 25183 | D:15     | Found a runed translucent gate.
 25183 | D:15     | Found a runed translucent gate.
 25183 | D:15     | Found a runed translucent gate.
 25184 | D:15     | Noticed Joahel's ghost (adept MiAK)
 25346 | D:15     | Found a staircase to the Depths.
 25990 | D:15     | HP: 6/165 [sphinx simulacrum (3)]
 25990 | D:15     | Mangled by a sphinx simulacrum

Illustrated notes

Levels and vault maps discovered:
D:1:      zelgadis_glass_arrival_small, layout_basic, basic_ecumenical_altar,
          amethyst_killhole
D:2:      layout_loops_cross, basic_altar, minmay_pentomino_s4
D:3:      layout_basic, elyvilon_altar_3, nicolae_overflow_two_pavilions,
          minmay_misc_feat_rugged
D:4:      layout_layer_cave, kennysheep_generic_room_16, uniq_robin,
          uniq_sigmund
D:5:      layout_basic, general_overflow_altar, serial_shops, shop,
          portal_sewer_entry_e, hangedman_abyss_or_decor_stabs
D:6:      layout_cave_pools, kiku_gazebo_pond_becter, lemuel_flame_loot_1,
          uniq_maggie
D:7:      layout_basic, lemuel_temple_firewalk_b, kb_rosetta
D:8:      layout_rooms, nicolae_ru_path_of_blood, lair_entry_dummy, uniq_amaemon
D:9:      layout_rooms, nicolae_qazlal_general_emergency, lemuel_crystal_altar,
          nrook_campfire, uniq_grum
D:10:     cheibrodos_breeding_chamber, layout_basic, zin_scriptorium,
          mainiacjoe_overflow_24_doors
D:11:     layout_rooms, minmay_quadrilaterals, uniq_josephine
D:12:     layout_gridville, orc_0_dummy, ebering_ghost_inner_flame,
          grunt_decor_arrowhead, drop_trap, uniq_jorgrun, uniq_fannar
D:13:     layout_long_grid, grunt_vaults_entry_tiered, minmay_liquid_box,
          hellmonk_guarded_unrand_starlight
D:14:     layout_gridville, ashenzari_conservatory_becter
D:15:     hangedman_depths_entry_civil_slaughter, layout_irregular_city,
          gammafunk_ghost_necromancy
Temple:   minmay_temple_forest_path
Lair:1:   layout_loops_ring, ebering_ghost_xom, fungi_pond_lemuel, st_stairs_7,
          lemuel_fruit_fields, grunt_megastairs_2
Lair:2:   layout_misc_corridors, nicolae_swamp_entry_splash_gauntlet,
          serial_bayou_shore_a, grunt_megastairs_3, infiniplex_staircase_pool_2
Lair:3:   layout_concentric_octagons, nicolae_spider_entry_tight_spaces,
          ice2_lemuel, grunt_megastairs_4, infiniplex_staircase_pool
Lair:4:   gammafunk_lair_enchanted_lake, layout_small_grid, pf_torpor_hydra
Lair:5:   hellmonk_lair_end_abyssal_woods, layout_hall_layers, slime_entry_1
Orc:1:    layout_caves, enter_volcano_1, mines3_lemuel
Orc:2:    st_orc_town, layout_caves, uniq_saint_roka

Skill      XL: |  1  2  3  4  5  6  7  8  9 10 11 12 13 14 15 16 |
---------------+-------------------------------------------------+-----
Spellcasting   | 3 4 5 6 7 8 9 10 | 10.0
Conjurations   | 5 6 7 8 9 10 11 12 | 12.0
Ice Magic      | 1 4 7 8 11 12 | 12.0
Fighting       | 7 9 12 14 15 16 | 16.0
Translocations | 7 12 13 | 13.5
Axes           | 5 8 |  8.1
Dodging        | |  1.5
Stealth        | |  3.0

Action                     |  1- 3 |  4- 6 |  7- 9 | 10-12 | 13-15 | 16-18 || total
---------------------------+-------+-------+-------+-------+-------+-------++-------
  Melee: Falchion          |     3 |       |       |    18 |       |       ||    21
         Punch             |       |       |       |     1 |     1 |     3 ||     5
         Great mace        |       |       |       |       |   130 |       ||   130
         Constrict         |       |       |       |       |    52 |    16 ||    68
         War axe           |       |       |       |       |    54 |    66 ||   120
   Fire: Shortbow          |     3 |     5 |       |       |       |       ||     8
         Arbalest          |       |    42 |    24 |   164 |    21 |       ||   251
   Cast: Magic Dart        |    19 |       |     2 |       |    21 |       ||    42
         Searing Ray       |     7 |    28 |    23 |   108 |    60 |     2 ||   228
         Frozen Ramparts   |       |       |     3 |     1 |       |       ||     4
         Iskenderun's Myst |       |       |     6 |    26 |    18 |     5 ||    55
         Freezing Cloud    |       |       |     3 |    52 |   168 |    40 ||   263
         Fulminant Prism   |       |       |       |     1 |     1 |       ||     2
         Hailstorm         |       |       |       |     4 |    14 |     6 ||    24
         Arcjolt           |       |       |       |       |    14 |     9 ||    23
         Summon Ice Beast  |       |       |       |       |    12 |       ||    12
 Invoke: Potion Petition   |       |     1 |       |       |       |       ||     1
         Call Merchant     |       |       |       |       |     6 |       ||     6
Ability: Spit Poison       |    20 |    17 |    10 |    26 |    30 |     7 ||   110
  Evoke: Wand              |       |       |     3 |       |     3 |       ||     6
         Phantom mirror    |       |       |       |       |     1 |       ||     1
    Use: Scroll            |     2 |     1 |     1 |     5 |    18 |     6 ||    33
         Potion            |       |       |       |       |    12 |       ||    12
   Stab: Sleeping          |       |       |       |       |     3 |       ||     3
         Distracted        |       |       |       |       |     2 |       ||     2
 Armour: Robe              |    13 |    12 |    44 |     7 |       |       ||    76
         Steam dragon scal |       |       |       |   284 |   275 |       ||   559
         Leather armour    |       |       |       |       |    71 |   139 ||   210
  Dodge: Dodged            |     5 |     9 |    14 |    95 |    76 |    42 ||   241

Table legend: (Time is in decaauts)
 A = Elapsed time spent in this place.
 B = Non-inter-level travel time spent in this place.
 C = Inter-level travel time spent in this place.
 D = Time resting spent in this place.
 E = Time spent auto-exploring this place.
 F = Levels seen in this place.
 G = Mean time per level.
                   A        B        C        D        E       F      G
               +--------+--------+--------+--------+--------+-----+--------+
         Total |  33013 |  31266 |   1747 |   6089 |  19735 |  25 | 1320.5 |
       Dungeon |  17890 |  16849 |   1041 |   2041 |  12259 |  15 | 1192.7 |
        Temple |      1 |      1 |      0 |      0 |      0 |   1 |    1.0 |
          Lair |  11972 |  11343 |    629 |   3958 |   5483 |   5 | 2394.4 |
  Orcish Mines |   1695 |   1619 |     76 |      9 |   1094 |   2 |  847.5 |
         Sewer |    948 |    948 |      0 |      0 |    635 |   1 |  948.0 |
       Volcano |    505 |    505 |      0 |     80 |    262 |   1 |  505.0 |
               +--------+--------+--------+--------+--------+-----+--------+

Top non-repeatable levels by time:
  Lair:3: 3946 daAuts
  Lair:4: 2409 daAuts
  Lair:1: 1947 daAuts
  Lair:5: 1941 daAuts
    D:10: 1824 daAuts
    D:12: 1759 daAuts
  Lair:2: 1728 daAuts
     D:7: 1703 daAuts
    D:13: 1606 daAuts
    D:15: 1409 daAuts
     D:5: 1264 daAuts
     D:8: 1262 daAuts
   Orc:2: 1242 daAuts
     D:1: 1142 daAuts
    D:14: 1011 daAuts
